RedWings vs BlackHawks

Created - 26 mars 2018 at 20:29

Goals
1 2 3 T
RedWings 0 2 1 3
BlackHawks 2 1 2 5
Shots
1 2 3 T
RedWings 8 15 11 34
BlackHawks 17 12 6 35

1st period

1. BlackHawks , Brent Seabrook 9 (Shane Doan 13, Dion Phaneuf 36) at 3:41
2. BlackHawks , Blake Comeau 9 (Boone Jenner 13, Brent Seabrook 27) at 15:20

Penalties :
Ryan Hartman (DET) for Holding (Minor) at 1:07, Dennis Seidenberg (DET) for Tripping (Minor) at 13:18, Dion Phaneuf (CHI) for Holding (Minor) at 17:27

2nd period

3. BlackHawks , Jay Beagle 15 (Shea Weber 38, Blake Comeau 9) at 1:36
4. RedWings , David Pastrnak 41 (Sean Monahan 57, Filip Forsberg 56) at 10:41
5. RedWings , Sean Monahan 38 (Jonathan Drouin 19, Filip Forsberg 57) at 19:54 (PP)

Penalties :
Brent Seabrook (CHI) for Roughing (Double Minor) at 19:24

3rd period

6. BlackHawks , Sidney Crosby 34 (Ryan OReilly 40) at 6:00
7. BlackHawks , Andrew Copp 2 (Chris Tierney 5, Shane Doan 14) at 6:55
8. RedWings , Sean Monahan 39 (Paul Martin 35) at 12:02 (SH)

Penalties :
Shane Doan (CHI) for Roughing (Minor) at 3:22, Eric Gryba (DET) for Roughing (Minor) at 11:16

Goalie Stats

Roberto Luongo (DET), 30 saves from 35 shots - (0.857), L, 26-22-2, 60:00 minutes
Carey Price (CHI), 31 saves from 34 shots - (0.912), W, 37-23-5, 60:00 minutes

Players Stats for RedWings

Player Name              G  A  P  +/- PIM S  H  SB GA TA FO     MP     PP MP  PK MP  
------------------------------------------------------------------------------------
Andrew Cogliano          0  0  0   1  0   0  0  0  0  0  0/0     1:43   0:00   1:43 
Ben Lovejoy              0  0  0  -1  0   2  1  0  0  0  0/0    23:12   3:35   2:50 
David Pastrnak           1  0  1  -1  0   3  0  0  0  0  0/2    21:46   2:16   1:50 
Dennis Seidenberg        0  0  0  -1  2   0  5  0  0  0  0/0    19:18   0:56   1:33 
Eric Gryba               0  0  0  -1  2   1  2  2  0  0  0/0    15:54   1:56   0:00 
Erik Haula               0  0  0  -2  0   5  0  0  0  0  13/27  17:56   0:00   2:24 
Filip Forsberg           0  2  2  -1  0   4  0  0  0  0  0/1    21:08   3:28   0:00 
Jonathan Drouin          0  1  1  -1  0   2  3  0  0  0  0/2    18:13   3:15   0:34 
Kris Russell             0  0  0  -2  0   2  2  1  0  0  0/0    19:28   0:00   2:38 
Loui Eriksson            0  0  0  -1  0   2  1  0  0  0  0/0    21:03   2:59   3:40 
Micheal Ferland          0  0  0   0  0   0  0  0  0  0  0/1     5:17   0:00   0:00 
Nick Jensen              0  0  0  -1  0   0  0  1  0  0  0/0    13:59   0:00   0:00 
Paul Martin              0  1  1   0  0   2  1  3  0  0  0/0    22:46   2:52   3:07 
Ryan Hartman             0  0  0  -2  2   2  0  0  0  0  0/0    10:14   0:00   0:00 
Sam Gagner               0  0  0  -1  0   2  1  0  0  0  10/24  17:23   2:59   0:00 
Sean Monahan             2  1  3   0  0   4  1  1  0  0  22/34  22:51   3:28   1:43 
Thomas Hickey            0  0  0   0  0   0  0  0  0  0  0/0     5:21   3:35   1:46 
Tyler Toffoli            0  0  0  -2  0   3  1  0  0  0  0/2    16:28   0:56   0:00 

Players Stats for BlackHawks

Player Name              G  A  P  +/- PIM S  H  SB GA TA FO     MP     PP MP  PK MP  
------------------------------------------------------------------------------------
Alex Biega               0  0  0   0  0   0  2  0  0  0  0/0    13:40   0:00   0:14 
Alex Galchenyuk          0  0  0   1  0   3  4  0  0  0  0/0    17:14   3:07   0:20 
Andrew Copp              1  0  1   1  0   3  1  0  0  0  0/1    10:38   0:00   2:18 
Artemi Panarin           0  0  0  -1  0   2  0  0  0  0  1/2    15:51   2:50   0:00 
Blake Comeau             1  1  2   2  0   3  0  0  0  0  0/0    12:45   0:00   0:17 
Boone Jenner             0  1  1  -1  0   3  1  0  0  0  14/23  15:51   2:50   0:00 
Brady Austin             0  0  0   2  0   1  0  0  0  0  0/0    16:12   0:00   1:56 
Brent Seabrook           1  1  2   1  4   3  0  1  0  0  0/0    22:11   3:17   1:53 
Chris Stewart            0  0  0   2  0   0  0  0  0  0  0/1    12:28   0:00   0:00 
Chris Tierney            0  1  1   1  0   1  1  1  0  0  11/17  12:12   0:00   3:52 
Dion Phaneuf             0  1  1   2  2   2  1  2  0  0  0/0    24:49   2:40   2:12 
Jay Beagle               1  0  1   2  0   3  1  0  0  0  13/23  16:17   0:00   3:49 
Matt Hunwick             0  0  0  -1  0   0  1  3  0  0  0/0    19:02   3:17   2:23 
Radim Vrbata             0  0  0  -1  0   4  0  0  0  0  0/0    15:51   2:50   0:00 
Ryan OReilly             0  1  1   1  0   2  0  0  0  0  1/3    19:12   3:07   2:18 
Shane Doan               0  2  2   1  2   2  0  1  0  0  0/1     8:19   0:00   0:00 
Shea Weber               0  1  1   2  0   0  1  0  0  0  0/0    24:04   2:40   4:16 
Sidney Crosby            1  0  1   1  0   3  1  0  0  0  8/22   16:54   3:07   0:00 

3 Stars

1 - Sean Monahan (DET)
2 - Blake Comeau (CHI)
3 - Jay Beagle (CHI)

Power Play

RedWings - 1 on 4 Attempt(s) - 25.00%
BlackHawks - 0 on 3 Attempt(s) - 0.00%

Penalty Kill

RedWings - 3 on 3 Attempt(s) - 100.00% - Score 1 goal in Penalty Kill
BlackHawks - 3 on 4 Attempt(s) - 75.00% - Score 0 goal in Penalty Kill

Team Stat

RedWings - Hits : 18 - Faceoff Wins : 45 - Blocked Shots : 8 - Penalty Minutes : 6
BlackHawks - Hits : 14 - Faceoff Wins : 48 - Blocked Shots : 8 - Penalty Minutes : 8

Official

Referees : Chris Rooney and Dean Morton
Linesman : Derek Nansen and Jay Sharrers

Game Notes

No Game Note

Finance

Level 1 -- Attendance: 6500 (100.00%) -- Ticket Income 715 000 $
Level 2 -- Attendance: 5000 (100.00%) -- Ticket Income 375 000 $
Level 3 -- Attendance: 3101 (88.60%) -- Ticket Income 173 656 $
Level 4 -- Attendance: 2596 (69.84%) -- Ticket Income 103 840 $
Luxury Box -- Attendance: 914 (91.40%) -- Ticket Income 181 886 $
Game was played at the United Center.
Total Attendance: 18111 (91.85%)
Total Ticket Income: 1 549 382 $
Other Income: 232 407 $
Total Income: 1 781 789 $

% Time on Ice - RedWings

Lines # - Real PCT - Wanted PCT - Time Play
Normal Forward
1 - 37% - 40% - 17:40
2 - 30% - 30% - 14:24
3 - 22% - 20% - 10:15
4 - 11% - 10% - 5:17
Normal Defense
1 - 35% - 40% - 16:47
2 - 35% - 30% - 16:50
3 - 29% - 20% - 13:59
4 - 0% - 10% - 0:00
PP Forward
1 - 46% - 60% - 2:59
2 - 54% - 40% - 3:28
PP Defense
1 - 44% - 60% - 2:52
2 - 56% - 40% - 3:35
PK Forward
1 - 71% - 60% - 4:14
2 - 29% - 40% - 1:43
PK Defense
1 - 48% - 60% - 2:50
2 - 52% - 40% - 3:07
PK3 Forward
1 - 0% - 60%
2 - 0% - 40%
PK3 Defense
1 - 0% - 60%
2 - 0% - 40%
44 Forward
1 - 0% - 60%
2 - 0% - 40%
44 Defense
1 - 0% - 60%
2 - 0% - 40%
Last Minute Offensive  - 0:00
Last Minute Defensive  - 0:00
Total
Forward - 60:00
Defense - 60:00

% Time on Ice - BlackHawks

Lines # - Real PCT - Wanted PCT - Time Play
Normal Forward
1 - 29% - 29% - 13:47
2 - 27% - 27% - 13:01
3 - 26% - 25% - 12:28
4 - 18% - 19% - 8:20
Normal Defense
1 - 34% - 35% - 16:21
2 - 30% - 30% - 14:16
3 - 28% - 25% - 13:22
4 - 8% - 10% - 3:37
PP Forward
1 - 52% - 60% - 3:07
2 - 48% - 40% - 2:50
PP Defense
1 - 45% - 60% - 2:40
2 - 55% - 40% - 3:17
PK Forward
1 - 64% - 60% - 4:09
2 - 36% - 40% - 2:18
PK Defense
1 - 56% - 60% - 3:38
2 - 44% - 40% - 2:49
PK3 Forward
1 - 0% - 60%
2 - 0% - 40%
PK3 Defense
1 - 0% - 60%
2 - 0% - 40%
44 Forward
1 - 0% - 60%
2 - 0% - 40%
44 Defense
1 - 0% - 60%
2 - 0% - 40%
Last Minute Offensive  - 0:00
Last Minute Defensive  - 0:00
Total
Forward - 60:00
Defense - 60:00

Play by Play

1st period


0:01 of 1st period - Sean Monahan wins face-off versus Sidney Crosby in neutral zone.
0:12 of 1st period - Shot by Filip Forsberg.
0:12 of 1st period - Shot Misses the Net.
0:18 of 1st period - Shot by Alex Galchenyuk.
0:18 of 1st period - Stopped by Roberto Luongo without a rebound.
0:19 of 1st period - Boone Jenner wins face-off versus Sam Gagner in RedWings zone.
1:07 of 1st period - Minor Penalty to Ryan Hartman for Holding.
1:08 of 1st period - Sidney Crosby wins face-off versus Erik Haula in RedWings zone.
1:32 of 1st period - Dennis Seidenberg is hit by Alex Galchenyuk and loses puck.
3:29 of 1st period - Shot by Blake Comeau.
3:29 of 1st period - Stopped by Roberto Luongo without a rebound.
3:30 of 1st period - Chris Tierney wins face-off versus Sean Monahan in RedWings zone.
3:39 of 1st period - Shot by Shane Doan.
3:39 of 1st period - Shot Misses the Net.
3:41 of 1st period - Shot by Brent Seabrook.
3:41 of 1st period - Goal by Brent Seabrook - RedWings : 0 - BlackHawks : 1.
3:42 of 1st period - Sean Monahan wins face-off versus Jay Beagle in neutral zone.
3:45 of 1st period - Shot by David Pastrnak.
3:45 of 1st period - Stopped by Carey Price without a rebound.
3:46 of 1st period - Sean Monahan wins face-off versus Chris Tierney in BlackHawks zone.
4:01 of 1st period - Shot by Filip Forsberg.
4:01 of 1st period - Stopped by Carey Price without a rebound.
4:02 of 1st period - Jay Beagle wins face-off versus Sam Gagner in BlackHawks zone.
4:13 of 1st period - Icing by Dennis Seidenberg.
4:14 of 1st period - Sidney Crosby wins face-off versus Jonathan Drouin in RedWings zone.
4:23 of 1st period - Shot by Sidney Crosby.
4:23 of 1st period - Stopped by Roberto Luongo without a rebound.
4:24 of 1st period - Sean Monahan wins face-off versus Jay Beagle in RedWings zone.
4:39 of 1st period - Shot by David Pastrnak.
4:39 of 1st period - Deflect By Filip Forsberg.
4:39 of 1st period - Stopped by Carey Price without a rebound.
4:40 of 1st period - Sidney Crosby wins face-off versus Erik Haula in BlackHawks zone.
5:37 of 1st period - Shot by Filip Forsberg.
5:37 of 1st period - Shot Misses the Net.
5:39 of 1st period - Shot by Paul Martin.
5:39 of 1st period - Shot Misses the Net.
5:41 of 1st period - Shot by David Pastrnak.
5:41 of 1st period - Stopped by Carey Price without a rebound.
5:42 of 1st period - Sam Gagner wins face-off versus Boone Jenner in BlackHawks zone.
6:01 of 1st period - Shot by Radim Vrbata.
6:01 of 1st period - Shot Blocked by Eric Gryba.
6:03 of 1st period - Shot by Boone Jenner.
6:03 of 1st period - Shot Misses the Net.
6:05 of 1st period - Shot by Radim Vrbata.
6:05 of 1st period - Shot Misses the Net.
6:15 of 1st period - Shot by Artemi Panarin.
6:15 of 1st period - Stopped by Roberto Luongo with a rebound.
6:17 of 1st period - Shot by Brent Seabrook.
6:17 of 1st period - Stopped by Roberto Luongo without a rebound.
6:18 of 1st period - Chris Tierney wins face-off versus Filip Forsberg in RedWings zone.
6:19 of 1st period - Shot by Andrew Copp.
6:19 of 1st period - Stopped by Roberto Luongo without a rebound.
6:20 of 1st period - Sean Monahan wins face-off versus Shane Doan in RedWings zone.
6:34 of 1st period - Shot by Shane Doan.
6:34 of 1st period - Stopped by Roberto Luongo without a rebound.
6:35 of 1st period - Jay Beagle wins face-off versus Erik Haula in RedWings zone.
6:35 of 1st period - Dion Phaneuf is hit by Dennis Seidenberg and loses puck.
6:41 of 1st period - Icing by Dennis Seidenberg.
6:42 of 1st period - Erik Haula wins face-off versus Andrew Copp in RedWings zone.
8:24 of 1st period - Shot by Sam Gagner.
8:24 of 1st period - Shot Misses the Net.
8:26 of 1st period - Shot by Sam Gagner.
8:26 of 1st period - Stopped by Carey Price without a rebound.
8:27 of 1st period - Sam Gagner wins face-off versus Sidney Crosby in BlackHawks zone.
8:52 of 1st period - Shot by Alex Galchenyuk.
8:52 of 1st period - Shot Misses the Net.
9:04 of 1st period - Shot by Sidney Crosby.
9:04 of 1st period - Shot Misses the Net.
9:06 of 1st period - Shot by Ryan OReilly.
9:06 of 1st period - Stopped by Roberto Luongo without a rebound.
9:07 of 1st period - Boone Jenner wins face-off versus Erik Haula in RedWings zone.
9:10 of 1st period - Shot by Boone Jenner.
9:10 of 1st period - Stopped by Roberto Luongo without a rebound.
9:11 of 1st period - Boone Jenner wins face-off versus Erik Haula in RedWings zone.
9:17 of 1st period - Icing by Kris Russell.
9:18 of 1st period - Jay Beagle wins face-off versus Erik Haula in RedWings zone.
10:28 of 1st period - Off-side.
10:29 of 1st period - Sam Gagner wins face-off versus Ryan OReilly in neutral zone.
10:32 of 1st period - Shot by Jonathan Drouin.
10:32 of 1st period - Shot Blocked by Dion Phaneuf.
10:35 of 1st period - Icing by Brent Seabrook.
10:36 of 1st period - Sam Gagner wins face-off versus Ryan OReilly in BlackHawks zone.
10:43 of 1st period - Shot by Jonathan Drouin.
10:43 of 1st period - Stopped by Carey Price without a rebound.
10:44 of 1st period - Sean Monahan wins face-off versus Boone Jenner in BlackHawks zone.
10:49 of 1st period - Shot by Sean Monahan.
10:49 of 1st period - Shot Blocked by Matt Hunwick.
10:51 of 1st period - Shot by Paul Martin.
10:51 of 1st period - Stopped by Carey Price without a rebound.
10:52 of 1st period - Sean Monahan wins face-off versus Boone Jenner in BlackHawks zone.
10:59 of 1st period - Shot by Filip Forsberg.
10:59 of 1st period - Shot Misses the Net.
11:17 of 1st period - Shot by Filip Forsberg.
11:17 of 1st period - Shot Blocked by Dion Phaneuf.
11:54 of 1st period - Shot by Jonathan Drouin.
11:54 of 1st period - Shot Misses the Net.
12:22 of 1st period - Icing by Sidney Crosby.
12:23 of 1st period - Ryan OReilly wins face-off versus Erik Haula in BlackHawks zone.
12:23 of 1st period - Ryan OReilly is hit by Tyler Toffoli.
13:06 of 1st period - Shot by Blake Comeau.
13:06 of 1st period - Shot Misses the Net.
13:17 of 1st period - Icing by Dennis Seidenberg.
13:18 of 1st period - Boone Jenner wins face-off versus Erik Haula in RedWings zone.
13:18 of 1st period - Minor Penalty to Dennis Seidenberg for Tripping.
13:19 of 1st period - Boone Jenner wins face-off versus David Pastrnak in RedWings zone.
13:36 of 1st period - Shot by Radim Vrbata.
13:36 of 1st period - Stopped by Roberto Luongo without a rebound.
13:37 of 1st period - Sidney Crosby wins face-off versus Erik Haula in RedWings zone.
13:44 of 1st period - Shot by Shea Weber.
13:44 of 1st period - Shot Misses the Net.
13:46 of 1st period - Shot by Dion Phaneuf.
13:46 of 1st period - Stopped by Roberto Luongo without a rebound.
13:47 of 1st period - Erik Haula wins face-off versus Sidney Crosby in RedWings zone.
14:54 of 1st period - Shot by Brent Seabrook.
14:54 of 1st period - Stopped by Roberto Luongo without a rebound.
14:55 of 1st period - Boone Jenner wins face-off versus Sean Monahan in RedWings zone.
15:18 of 1st period - Shot by Boone Jenner.
15:18 of 1st period - Shot Misses the Net.
15:20 of 1st period - Shot by Blake Comeau.
15:20 of 1st period - Goal by Blake Comeau - RedWings : 0 - BlackHawks : 2.
15:21 of 1st period - Erik Haula wins face-off versus Jay Beagle in neutral zone.
15:24 of 1st period - Shot by Ryan Hartman.
15:24 of 1st period - Shot Misses the Net.
15:44 of 1st period - Shot by Jay Beagle.
15:44 of 1st period - Shot Misses the Net.
15:46 of 1st period - Shot by Jay Beagle.
15:46 of 1st period - Stopped by Roberto Luongo without a rebound.
15:47 of 1st period - Sean Monahan wins face-off versus Sidney Crosby in RedWings zone.
16:05 of 1st period - Sidney Crosby is hit by Kris Russell and loses puck.
16:13 of 1st period - Ryan OReilly is hit by Dennis Seidenberg and loses puck.
16:24 of 1st period - Shot by Ryan OReilly.
16:24 of 1st period - Deflect By Sidney Crosby.
16:24 of 1st period - Stopped by Roberto Luongo without a rebound.
16:25 of 1st period - Artemi Panarin wins face-off versus Sam Gagner in RedWings zone.
16:27 of 1st period - Boone Jenner is hit by Paul Martin and loses puck.
16:48 of 1st period - Shot by Loui Eriksson.
16:48 of 1st period - Shot Blocked by Matt Hunwick.
16:50 of 1st period - Shot by Sam Gagner.
16:50 of 1st period - Shot Misses the Net.
16:52 of 1st period - Shot by Ben Lovejoy.
16:52 of 1st period - Stopped by Carey Price with a rebound.
16:54 of 1st period - Shot by Loui Eriksson.
16:54 of 1st period - Shot Misses the Net.
17:01 of 1st period - Icing by Matt Hunwick.
17:02 of 1st period - Erik Haula wins face-off versus Boone Jenner in BlackHawks zone.
17:27 of 1st period - Minor Penalty to Dion Phaneuf for Holding.
17:28 of 1st period - Jay Beagle wins face-off versus Sean Monahan in BlackHawks zone.
18:14 of 1st period - Shot by Andrew Copp.
18:14 of 1st period - Stopped by Roberto Luongo without a rebound.
18:15 of 1st period - Jay Beagle wins face-off versus Sam Gagner in RedWings zone.
Goals for this period are 0 for RedWings vs 2 for BlackHawks.
Shots for this period are 8 for RedWings vs 17 for BlackHawks.

2nd period


0:01 of 2nd period - Sidney Crosby wins face-off versus Sean Monahan in neutral zone.
0:04 of 2nd period - Shot by Alex Galchenyuk.
0:04 of 2nd period - Shot Blocked by Sean Monahan.
1:03 of 2nd period - Icing by Kris Russell.
1:04 of 2nd period - Sam Gagner wins face-off versus Chris Stewart in RedWings zone.
1:30 of 2nd period - Shot by Jay Beagle.
1:30 of 2nd period - Shot Misses the Net.
1:32 of 2nd period - Shot by Shea Weber.
1:32 of 2nd period - Shot Blocked by Kris Russell.
1:34 of 2nd period - Shot by Shea Weber.
1:34 of 2nd period - Shot Misses the Net.
1:36 of 2nd period - Shot by Jay Beagle.
1:36 of 2nd period - Goal by Jay Beagle - RedWings : 0 - BlackHawks : 3.
1:37 of 2nd period - Erik Haula wins face-off versus Chris Tierney in neutral zone.
1:37 of 2nd period - Erik Haula is hit by Andrew Copp.
1:45 of 2nd period - Shot by Ryan Hartman.
1:45 of 2nd period - Stopped by Carey Price with a rebound.
1:47 of 2nd period - Shot by Erik Haula.
1:47 of 2nd period - Shot Misses the Net.
1:49 of 2nd period - Shot by Eric Gryba.
1:49 of 2nd period - Stopped by Carey Price without a rebound.
1:50 of 2nd period - Sean Monahan wins face-off versus Boone Jenner in BlackHawks zone.
1:51 of 2nd period - Shot by Filip Forsberg.
1:51 of 2nd period - Shot Misses the Net.
1:54 of 2nd period - Icing by Dion Phaneuf.
1:55 of 2nd period - Sean Monahan wins face-off versus Artemi Panarin in BlackHawks zone.
1:55 of 2nd period - Sean Monahan is hit by Dion Phaneuf.
1:59 of 2nd period - Shot by Filip Forsberg.
1:59 of 2nd period - Stopped by Carey Price without a rebound.
2:00 of 2nd period - Chris Tierney wins face-off versus Sean Monahan in BlackHawks zone.
2:12 of 2nd period - Shot by Sean Monahan.
2:12 of 2nd period - Stopped by Carey Price without a rebound.
2:13 of 2nd period - Sam Gagner wins face-off versus Boone Jenner in BlackHawks zone.
2:39 of 2nd period - Shot by Loui Eriksson.
2:39 of 2nd period - Deflect By Jonathan Drouin.
2:39 of 2nd period - Shot Misses the Net.
3:21 of 2nd period - Shot by Filip Forsberg.
3:21 of 2nd period - Shot Misses the Net.
3:23 of 2nd period - Shot by Ben Lovejoy.
3:23 of 2nd period - Stopped by Carey Price without a rebound.
3:24 of 2nd period - Sidney Crosby wins face-off versus Erik Haula in BlackHawks zone.
4:40 of 2nd period - Shot by Jay Beagle.
4:40 of 2nd period - Stopped by Roberto Luongo without a rebound.
4:41 of 2nd period - Chris Tierney wins face-off versus Jonathan Drouin in RedWings zone.
4:55 of 2nd period - Shot by Chris Tierney.
4:55 of 2nd period - Shot Misses the Net.
4:57 of 2nd period - Shot by Chris Tierney.
4:57 of 2nd period - Shot Misses the Net.
5:11 of 2nd period - Shot by Chris Tierney.
5:11 of 2nd period - Stopped by Roberto Luongo without a rebound.
5:12 of 2nd period - Sean Monahan wins face-off versus Sidney Crosby in RedWings zone.
5:14 of 2nd period - Filip Forsberg is hit by Alex Galchenyuk and loses puck.
5:18 of 2nd period - Off-side.
5:19 of 2nd period - Jay Beagle wins face-off versus Sean Monahan in neutral zone.
5:23 of 2nd period - Blake Comeau is hit by Ben Lovejoy and loses puck.
5:41 of 2nd period - Icing by David Pastrnak.
5:42 of 2nd period - Sean Monahan wins face-off versus Sidney Crosby in RedWings zone.
7:00 of 2nd period - Shot by Brent Seabrook.
7:00 of 2nd period - Shot Misses the Net.
7:02 of 2nd period - Shot by Andrew Copp.
7:02 of 2nd period - Shot Blocked by Paul Martin.
7:58 of 2nd period - Icing by Alex Biega.
7:59 of 2nd period - Erik Haula wins face-off versus Jay Beagle in BlackHawks zone.
7:59 of 2nd period - Erik Haula is hit by Matt Hunwick.
8:01 of 2nd period - Shot by Micheal Ferland.
8:01 of 2nd period - Deflect By Erik Haula.
8:01 of 2nd period - Stopped by Carey Price with a rebound.
8:25 of 2nd period - Icing by Nick Jensen.
8:26 of 2nd period - Boone Jenner wins face-off versus Erik Haula in RedWings zone.
8:29 of 2nd period - Shot by Radim Vrbata.
8:29 of 2nd period - Stopped by Roberto Luongo without a rebound.
8:30 of 2nd period - Boone Jenner wins face-off versus Sam Gagner in RedWings zone.
8:47 of 2nd period - Shot by Boone Jenner.
8:47 of 2nd period - Stopped by Roberto Luongo without a rebound.
8:48 of 2nd period - Erik Haula wins face-off versus Sidney Crosby in RedWings zone.
9:08 of 2nd period - Sidney Crosby is hit by Eric Gryba and loses puck.
10:13 of 2nd period - Shot by Radim Vrbata.
10:13 of 2nd period - Stopped by Roberto Luongo with a rebound.
10:23 of 2nd period - Shot by Sam Gagner.
10:23 of 2nd period - Stopped by Carey Price with a rebound.
10:25 of 2nd period - Shot by Jonathan Drouin.
10:25 of 2nd period - Deflect By Loui Eriksson.
10:25 of 2nd period - Stopped by Carey Price without a rebound.
10:26 of 2nd period - Sean Monahan wins face-off versus Chris Tierney in BlackHawks zone.
10:41 of 2nd period - Shot by David Pastrnak.
10:41 of 2nd period - Goal by David Pastrnak - RedWings : 1 - BlackHawks : 3.
10:42 of 2nd period - Jay Beagle wins face-off versus Sam Gagner in neutral zone.
12:28 of 2nd period - Shot by Artemi Panarin.
12:28 of 2nd period - Shot Blocked by Nick Jensen.
13:21 of 2nd period - Shot by Alex Galchenyuk.
13:21 of 2nd period - Stopped by Roberto Luongo without a rebound.
13:22 of 2nd period - Chris Tierney wins face-off versus Sam Gagner in RedWings zone.
13:45 of 2nd period - Shot by Jonathan Drouin.
13:45 of 2nd period - Deflect By Loui Eriksson.
13:45 of 2nd period - Stopped by Carey Price without a rebound.
13:46 of 2nd period - Boone Jenner wins face-off versus Sean Monahan in BlackHawks zone.
14:53 of 2nd period - Shot by Jonathan Drouin.
14:53 of 2nd period - Shot Misses the Net.
14:55 of 2nd period - Shot by Dennis Seidenberg.
14:55 of 2nd period - Shot Misses the Net.
14:59 of 2nd period - Shot by Jonathan Drouin.
14:59 of 2nd period - Shot Misses the Net.
15:01 of 2nd period - Shot by Kris Russell.
15:01 of 2nd period - Stopped by Carey Price without a rebound.
15:02 of 2nd period - Chris Tierney wins face-off versus Sean Monahan in BlackHawks zone.
15:15 of 2nd period - Shot by Shane Doan.
15:15 of 2nd period - Stopped by Roberto Luongo without a rebound.
15:16 of 2nd period - Sam Gagner wins face-off versus Jay Beagle in RedWings zone.
15:16 of 2nd period - Jonathan Drouin is hit by Jay Beagle and loses puck.
15:21 of 2nd period - Shot by Blake Comeau.
15:21 of 2nd period - Shot Misses the Net.
16:06 of 2nd period - Icing by Paul Martin.
16:07 of 2nd period - Erik Haula wins face-off versus Sidney Crosby in RedWings zone.
16:18 of 2nd period - Shot by Ryan Hartman.
16:18 of 2nd period - Shot Blocked by Matt Hunwick.
16:20 of 2nd period - Shot by Ryan Hartman.
16:20 of 2nd period - Stopped by Carey Price with a rebound.
16:45 of 2nd period - Shot by Sidney Crosby.
16:45 of 2nd period - Deflect By Ryan OReilly.
16:45 of 2nd period - Stopped by Roberto Luongo without a rebound.
16:46 of 2nd period - Chris Tierney wins face-off versus Sam Gagner in RedWings zone.
16:46 of 2nd period - Chris Tierney is hit by Dennis Seidenberg.
17:03 of 2nd period - Shot by Jonathan Drouin.
17:03 of 2nd period - Stopped by Carey Price without a rebound.
17:04 of 2nd period - Boone Jenner wins face-off versus Sean Monahan in BlackHawks zone.
17:04 of 2nd period - Boone Jenner is hit by Sean Monahan.
17:14 of 2nd period - Shot by Boone Jenner.
17:14 of 2nd period - Stopped by Roberto Luongo without a rebound.
17:15 of 2nd period - Sean Monahan wins face-off versus Jay Beagle in RedWings zone.
17:40 of 2nd period - Shot by Chris Stewart.
17:40 of 2nd period - Shot Blocked by Paul Martin.
17:42 of 2nd period - Shot by Brady Austin.
17:42 of 2nd period - Stopped by Roberto Luongo with a rebound.
17:44 of 2nd period - Shot by Brady Austin.
17:44 of 2nd period - Shot Misses the Net.
18:08 of 2nd period - Icing by Brent Seabrook.
18:09 of 2nd period - Chris Tierney wins face-off versus Sam Gagner in BlackHawks zone.
18:24 of 2nd period - Shot by Dion Phaneuf.
18:24 of 2nd period - Stopped by Roberto Luongo without a rebound.
18:25 of 2nd period - Erik Haula wins face-off versus Sidney Crosby in RedWings zone.
18:25 of 2nd period - Erik Haula is hit by Alex Galchenyuk.
18:38 of 2nd period - Shot by Erik Haula.
18:38 of 2nd period - Stopped by Carey Price with a rebound.
18:42 of 2nd period - Shot by Erik Haula.
18:42 of 2nd period - Shot Hit the Post.
19:24 of 2nd period - Double Minor Penalty to Brent Seabrook for Roughing.
19:25 of 2nd period - Jay Beagle wins face-off versus Sean Monahan in BlackHawks zone.
19:52 of 2nd period - Shot by Jonathan Drouin.
19:52 of 2nd period - Shot Misses the Net.
19:54 of 2nd period - Shot by Sean Monahan.
19:54 of 2nd period - Goal by Sean Monahan - RedWings : 2 - BlackHawks : 3.
19:55 of 2nd period - Jay Beagle wins face-off versus Sam Gagner in neutral zone.
Goals for this period are 2 for RedWings vs 1 for BlackHawks.
Shots for this period are 15 for RedWings vs 12 for BlackHawks.

3rd period


0:01 of 3rd period - Jay Beagle wins face-off versus David Pastrnak in neutral zone.
0:03 of 3rd period - Shea Weber is hit by Eric Gryba and loses puck.
0:18 of 3rd period - Matt Hunwick is hit by Sam Gagner and loses puck.
0:49 of 3rd period - Shot by Filip Forsberg.
0:49 of 3rd period - Deflect By Jonathan Drouin.
0:49 of 3rd period - Shot Misses the Net.
0:51 of 3rd period - Shot by Sean Monahan.
0:51 of 3rd period - Shot Misses the Net.
1:59 of 3rd period - Shot by Erik Haula.
1:59 of 3rd period - Shot Misses the Net.
2:07 of 3rd period - Shot by Erik Haula.
2:07 of 3rd period - Stopped by Carey Price with a rebound.
3:02 of 3rd period - David Pastrnak is hit by Alex Biega and loses puck.
3:20 of 3rd period - Icing by Eric Gryba.
3:21 of 3rd period - Sean Monahan wins face-off versus Chris Tierney in RedWings zone.
3:21 of 3rd period - Sean Monahan is hit by Chris Tierney.
3:22 of 3rd period - Minor Penalty to Shane Doan for Roughing.
3:23 of 3rd period - Sam Gagner wins face-off versus Jay Beagle in BlackHawks zone.
4:28 of 3rd period - Icing by Dennis Seidenberg.
4:29 of 3rd period - Sean Monahan wins face-off versus Jay Beagle in RedWings zone.
4:33 of 3rd period - Icing by Paul Martin.
4:34 of 3rd period - Sean Monahan wins face-off versus Jay Beagle in RedWings zone.
4:39 of 3rd period - Shot by Paul Martin.
4:39 of 3rd period - Shot Misses the Net.
4:41 of 3rd period - Shot by Paul Martin.
4:41 of 3rd period - Shot Blocked by Brent Seabrook.
4:43 of 3rd period - Shot by Paul Martin.
4:43 of 3rd period - Shot Blocked by Chris Tierney.
4:45 of 3rd period - Shot by Paul Martin.
4:45 of 3rd period - Stopped by Carey Price with a rebound.
5:10 of 3rd period - Icing by Thomas Hickey.
5:11 of 3rd period - Jay Beagle wins face-off versus Sam Gagner in RedWings zone.
5:24 of 3rd period - Shot by Erik Haula.
5:24 of 3rd period - Stopped by Carey Price without a rebound.
5:25 of 3rd period - Boone Jenner wins face-off versus Sam Gagner in BlackHawks zone.
5:25 of 3rd period - Boone Jenner is hit by Jonathan Drouin.
5:41 of 3rd period - Nick Jensen is hit by Boone Jenner and loses puck.
5:58 of 3rd period - Shot by Radim Vrbata.
5:58 of 3rd period - Stopped by Roberto Luongo without a rebound.
5:59 of 3rd period - Sidney Crosby wins face-off versus Tyler Toffoli in RedWings zone.
6:00 of 3rd period - Shot by Ryan OReilly.
6:00 of 3rd period - Deflect By Sidney Crosby.
6:00 of 3rd period - Goal by Sidney Crosby - RedWings : 2 - BlackHawks : 4.
6:01 of 3rd period - Sidney Crosby wins face-off versus Tyler Toffoli in neutral zone.
6:04 of 3rd period - Shot by Alex Galchenyuk.
6:04 of 3rd period - Stopped by Roberto Luongo with a rebound.
6:17 of 3rd period - Erik Haula is hit by Alex Galchenyuk and loses puck.
6:32 of 3rd period - Shot by Tyler Toffoli.
6:32 of 3rd period - Stopped by Carey Price without a rebound.
6:33 of 3rd period - Sean Monahan wins face-off versus Chris Tierney in BlackHawks zone.
6:39 of 3rd period - Icing by Alex Biega.
6:40 of 3rd period - Sean Monahan wins face-off versus Chris Tierney in BlackHawks zone.
6:55 of 3rd period - Shot by Andrew Copp.
6:55 of 3rd period - Goal by Andrew Copp - RedWings : 2 - BlackHawks : 5.
6:56 of 3rd period - Jay Beagle wins face-off versus Sam Gagner in neutral zone.
7:15 of 3rd period - Shot by Blake Comeau.
7:15 of 3rd period - Shot Misses the Net.
7:17 of 3rd period - Shot by Chris Stewart.
7:17 of 3rd period - Shot Blocked by Paul Martin.
7:19 of 3rd period - Shot by Blake Comeau.
7:19 of 3rd period - Stopped by Roberto Luongo without a rebound.
7:20 of 3rd period - Chris Tierney wins face-off versus Sean Monahan in RedWings zone.
8:09 of 3rd period - Icing by Chris Tierney.
8:10 of 3rd period - Chris Tierney wins face-off versus Sam Gagner in BlackHawks zone.
8:10 of 3rd period - Chris Tierney is hit by Jonathan Drouin.
8:38 of 3rd period - Shot by Loui Eriksson.
8:38 of 3rd period - Shot Misses the Net.
9:29 of 3rd period - Shot by Ryan Hartman.
9:29 of 3rd period - Shot Misses the Net.
10:47 of 3rd period - Shot by Artemi Panarin.
10:47 of 3rd period - Stopped by Roberto Luongo without a rebound.
10:48 of 3rd period - Chris Tierney wins face-off versus Erik Haula in RedWings zone.
11:01 of 3rd period - Shot by Tyler Toffoli.
11:01 of 3rd period - Deflect By Erik Haula.
11:01 of 3rd period - Stopped by Carey Price without a rebound.
11:02 of 3rd period - Sam Gagner wins face-off versus Sidney Crosby in BlackHawks zone.
11:16 of 3rd period - Minor Penalty to Eric Gryba for Roughing.
11:17 of 3rd period - Boone Jenner wins face-off versus Erik Haula in RedWings zone.
12:02 of 3rd period - Shot by Sean Monahan.
12:02 of 3rd period - Goal by Sean Monahan - RedWings : 3 - BlackHawks : 5.
12:03 of 3rd period - Sean Monahan wins face-off versus Sidney Crosby in neutral zone.
12:46 of 3rd period - Shot by Alex Galchenyuk.
12:46 of 3rd period - Shot Misses the Net.
13:19 of 3rd period - Icing by David Pastrnak.
13:20 of 3rd period - Jay Beagle wins face-off versus Sean Monahan in RedWings zone.
14:35 of 3rd period - Shane Doan is hit by Jonathan Drouin and loses puck.
14:50 of 3rd period - Shot by Ryan Hartman.
14:50 of 3rd period - Shot Blocked by Shane Doan.
14:52 of 3rd period - Shot by Kris Russell.
14:52 of 3rd period - Stopped by Carey Price without a rebound.
14:53 of 3rd period - Erik Haula wins face-off versus Boone Jenner in BlackHawks zone.
15:01 of 3rd period - Off-side.
15:02 of 3rd period - Sean Monahan wins face-off versus Sidney Crosby in neutral zone.
15:07 of 3rd period - Shot by Sean Monahan.
15:07 of 3rd period - Shot Misses the Net.
15:32 of 3rd period - Icing by Matt Hunwick.
15:33 of 3rd period - Erik Haula wins face-off versus Sidney Crosby in BlackHawks zone.
15:33 of 3rd period - Erik Haula is hit by Alex Biega.
15:43 of 3rd period - Ben Lovejoy is hit by Sidney Crosby.
15:48 of 3rd period - Icing by Ryan Hartman.
15:49 of 3rd period - Boone Jenner wins face-off versus Erik Haula in RedWings zone.
16:02 of 3rd period - Tyler Toffoli is hit by Shea Weber.
16:27 of 3rd period - Icing by Sam Gagner.
16:28 of 3rd period - Sam Gagner wins face-off versus Jay Beagle in RedWings zone.
16:51 of 3rd period - Shot by Blake Comeau.
16:51 of 3rd period - Shot Blocked by Eric Gryba.
17:07 of 3rd period - Dion Phaneuf is hit by Loui Eriksson and loses puck.
17:42 of 3rd period - Shot by Filip Forsberg.
17:42 of 3rd period - Shot Misses the Net.
17:44 of 3rd period - Shot by Sean Monahan.
17:44 of 3rd period - Shot Misses the Net.
17:46 of 3rd period - Shot by Sean Monahan.
17:46 of 3rd period - Stopped by Carey Price without a rebound.
17:47 of 3rd period - Erik Haula wins face-off versus Boone Jenner in BlackHawks zone.
17:48 of 3rd period - Shot by Ryan Hartman.
17:48 of 3rd period - Deflect By Tyler Toffoli.
17:48 of 3rd period - Stopped by Carey Price without a rebound.
17:49 of 3rd period - Erik Haula wins face-off versus Boone Jenner in BlackHawks zone.
18:02 of 3rd period - Shot by Ben Lovejoy.
18:02 of 3rd period - Deflect By Tyler Toffoli.
18:02 of 3rd period - Stopped by Carey Price without a rebound.
18:03 of 3rd period - Sean Monahan wins face-off versus Sidney Crosby in BlackHawks zone.
18:34 of 3rd period - Shot by David Pastrnak.
18:34 of 3rd period - Shot Misses the Net.
18:36 of 3rd period - Shot by Filip Forsberg.
18:36 of 3rd period - Stopped by Carey Price without a rebound.
18:37 of 3rd period - Boone Jenner wins face-off versus Micheal Ferland in BlackHawks zone.
18:58 of 3rd period - Shot by Micheal Ferland.
18:58 of 3rd period - Shot Misses the Net.
19:45 of 3rd period - Blake Comeau is hit by Kris Russell and loses puck.
19:49 of 3rd period - Blake Comeau is hit by Dennis Seidenberg and loses puck.
19:57 of 3rd period - Jay Beagle is hit by Dennis Seidenberg and loses puck.
Goals for this period are 1 for RedWings vs 2 for BlackHawks.
Shots for this period are 11 for RedWings vs 6 for BlackHawks.